 Dungeon Sprint DCSS version 0.19.1 (webtiles) character file.

36 equalderp2856 the Scratcher (level 3, -9/18 HPs)
             Began as a Felid Fighter on Dec 17, 2016.
             Was a Follower of Lugonu.
             Killed from afar by a hell hound (21 damage)
             ... with a blast of flame
             ... in the Dungeon (Sprint IX: "|||||||||||||||||||||||||||||").
             The game lasted 00:01:44 (520 turns).

equalderp2856 the Scratcher (Felid Fighter)          Turns: 520, Time: 00:01:44

Health: -9/18      AC:  3    Str: 13    XL:     3   Next: 19%
Magic:  4/4        EV: 23    Int:  9    God:    Lugonu [*.....]
Gold:   0          SH:  0    Dex: 15    Spells: 0 memorised, 2 levels left
                                        Lives:  0   Deaths: 1

rFire  . . .     SeeInvis +       - Unarmed
rCold  . . .     Gourm    .     (armour unavailable)
rNeg   . . .     Faith    .     (shield unavailable)
rPois  .         Spirit   .     (helmet unavailable)
rElec  .         Reflect  .     (cloak unavailable)
rCorr  .         Harm     .     (gloves unavailable)
MR     .....     NoTele   +     (boots unavailable)
Stlth  ++........               (no amulet)
                                n - +2 ring of evasion
                                m - +2 ring of protection

@: quick
A: no armour, no weapons or thrown items, stealth, claws 1, fangs 3, see
invisible, carnivore 3, speed 1, shaggy fur 1, slow metabolism 1, sharp paws
a: Renounce Religion


You were in the Dungeon.
You worshipped Lugonu.
Lugonu was aware of your devotion.
You were not hungry.

You visited 1 branch

Inventory:

Jewellery
 m - a +2 ring of protection (left paw)
 n - a +2 ring of evasion (right paw)
Wands
 l - a wand of iceblast (7/15)
Scrolls
 h - 2 scrolls of blinking
 j - 3 scrolls of remove curse
 k - 2 scrolls of amnesia
Potions
 a - a potion of might
 c - a potion of invisibility
 d - a potion of heal wounds
 e - a potion of haste
 f - 4 potions of magic
 g - a potion of berserk rage
 i - 4 potions of curing
Comestibles
 b - 13 meat rations


   Skills:
 + Level 4.7 Fighting
 + Level 6.0 Dodging
 + Level 1.7 Stealth
 + Level 7.6 Unarmed Combat


You had 2 spell levels left.
You didn't know any spells.

Dungeon Overview and Level Annotations

Branches:
Dungeon (1/1)

Altars:
Cheibriados
Dithmenos
Elyvilon
Fedhas
Gozag
Hepliaklqana
Kikubaaqudgha
Makhleb
Nemelex Xobeh
Okawaru
Qazlal
Ru
Sif Muna
Trog
Uskayaw
Vehumet
Xom
Yredelemnul
Zin
The Shining One
Beogh
Jiyva
Lugonu


Innate Abilities, Weirdness & Mutations

You cannot wear armour.
You are incapable of wielding weapons or throwing items.
Your paws allow you to move quietly. (Stealth)
You have sharp claws.
You have razor-sharp teeth.
You have supernaturally acute eyesight. (SInv)
You are carnivorous and can eat meat at any time.
You cover ground quickly.
You are covered in fur. (AC +1)
You have a slow metabolism.
Your sharp claws are effective at attacking unaware monsters.


Message History

* * * LOW HITPOINT WARNING * * *
You feel much better. The wolf closely misses you.
You closely miss the wolf.
The wolf is severely wounded.
The wolf completely misses you.
You scratch the hell hound. Your claw misses the hell hound.
The hell hound is moderately wounded.
The hell hound bites you.
You closely miss the hell hound.
The hell hound is moderately wounded.
The hell hound barely misses you.
You claw the hell hound!
The hell hound is heavily wounded.
The hell hound misses you.
You claw the hell hound!
The hell hound is almost dead.
The hell hound breathes flames at you. The blast of flame hits you!
Ouch! That really hurt!
You die...

▓[▓
▓.▓
▓[▓
▓.▓
▓.▓
▓h▓
▓†▓
▓h▓
▓C▓
▓h▓
▓h▓
▓h▓
▓T▓
▓h▓
▓Z▓
▓@▓
▓Z▓
▓.▓
▓Y▓
▓[▓
▓.▓
▓[▓
▓[▓
▓[▓
▓.▓
▓.▓
▓'▓


You could see a warg, a hell hound and 3 wolves.

Vanquished Creatures
  A scorpion (D)
  2 adders (D)
  An adder zombie (D)
  A worm (D)
  A bat (D)
  A hobgoblin (D)
  A jackal (D)
  A frilled lizard (D)
  A rat (D)
10 creatures vanquished.

Notes
Turn   | Place    | Note
-------+----------+-------------------------------------------
     0 | D        | equalderp2856 the Felid Fighter began the quest for the Orb.
     0 | D        | Reached XP level 1. HP: 10/10 MP: 2/2
     6 | D        | Reached skill level 1 in Stealth
    72 | D        | Noticed a scorpion
    80 | D        | Killed a scorpion
    80 | D        | Reached skill level 5 in Dodging
    80 | D        | Reached skill level 6 in Unarmed Combat
    80 | D        | Reached XP level 2. HP: 12/15 MP: 3/3
    80 | D        | Reached XP level 3. HP: 14/18 MP: 4/4
    83 | D        | Reached skill level 7 in Unarmed Combat
    87 | D        | Reached XP level 4. HP: 16/22 MP: 5/5
   427 | D        | Found a roughly hewn altar of Beogh.
   427 | D        | Found a snail-covered altar of Cheibriados.
   427 | D        | Found a shadowy altar of Dithmenos.
   427 | D        | Found a white marble altar of Elyvilon.
   427 | D        | Found a blossoming altar of Fedhas.
   427 | D        | Found an opulent altar of Gozag.
   428 | D        | Found a hazy altar of Hepliaklqana.
   429 | D        | Found a viscous altar of Jiyva.
   430 | D        | Found an ancient bone altar of Kikubaaqudgha.
   431 | D        | Found a corrupted altar of Lugonu.
   432 | D        | Found a burning altar of Makhleb.
   433 | D        | Found a sparkling altar of Nemelex Xobeh.
   434 | D        | Found an iron altar of Okawaru.
   435 | D        | Found a stormy altar of Qazlal.
   436 | D        | Found a sacrificial altar of Ru.
   437 | D        | Found a deep blue altar of Sif Muna.
   438 | D        | Found a bloodstained altar of Trog.
   439 | D        | Found a hide-covered altar of Uskayaw.
   440 | D        | Found a radiant altar of Vehumet.
   443 | D        | Became a worshipper of Lugonu the Unformed
   443 | D        | Reached * piety under Lugonu
   446 | D        | Found a shimmering altar of Xom.
   447 | D        | Found a basalt altar of Yredelemnul.
   448 | D        | Found a glowing silver altar of Zin.
   449 | D        | Found a glowing golden altar of the Shining One.
   476 | D        | Noticed a hill giant
   476 | D        | Noticed a troll
   476 | D        | Noticed a sky beast
   489 | D        | Demolished by a hill giant
   490 | D        | Reached XP level 3. HP: -18/18 MP: 4/4
   510 | D        | Noticed a wolf
   510 | D        | Noticed a hell hound
   510 | D        | Noticed a wolf
   511 | D        | Noticed a warg
   513 | D        | Noticed a wolf
   520 | D        | Killed from afar by a hell hound

Skill      XL: |  1  2  3  4 |
---------------+-------------+-----
Stealth        | 1 |  1.7
Fighting       | 4 |  4.7
Dodging        | 5 6 |  6.0
Unarmed Combat | 6 7 |  7.6

Action                   |  1- 3 |  4- 6 || total
-------------------------+-------+-------++-------
Melee: Unarmed           |    28 |    21 ||    49
       Bite              |     1 |     6 ||     7
       Punch             |       |     1 ||     1
  Use: Potion            |     3 |       ||     3
 Stab: Sleeping          |     1 |       ||     1
Dodge: Dodged            |    16 |    10 ||    26
